Cogmind - Beta 17 @@@ ROGUE MODE // 2026.07.12 @ 18:54:48 Player: aperiodic Result: Destroyed by as-10846 with Assembled Rifle Performance ------------- Evolutions (0) 0 Regions Visited (4) 800 Robots Destroyed (16) 80 Value Destroyed (357) 357 Prototype IDs (23) 460 Alien Tech Used (0) 0 Bonus (300) 300 TOTAL SCORE: 1997 Bonus ------- Aligned with FarCom 300 Cogmind --------- Core Integrity 0/250 Matter 230/300 Energy 239/250 System Corruption 0% Temperature Cool (0) Movement Rolling (120) Ox2 Location -9/Mines Parts ------- > --- POWER (1) -------- Ion Engine > --- PROPULSION (2) --- Wheel Compact Wheel > --- UTILITY (2) ------ High-capacity Storage Unit Seismic Detector > --- WEAPON (2) ------- Minigun Rocket Launcher > --- INVENTORY (20) --- Light Treads Advanced Treads Wheel Wheel Improved Heat Sink Huge Storage Unit High-capacity Matter Pod (190) Modified TNC 0b10 Alert Chip EM Pulse Gun Small Laser Pulse Rifle Firepult Assault Rifle Improved Grenade Launcher Mining Laser Stasis Trap (100%) Stasis Trap (100%) Stasis Trap (100%) Peak State ------------ > --- POWER ------------ Ion Engine > --- PROPULSION ------- Wheel Compact Wheel > --- UTILITY ---------- High-capacity Storage Unit Seismic Detector > --- WEAPON ----------- Minigun Rocket Launcher > --- INVENTORY -------- Light Treads Advanced Treads Wheel Wheel Improved Heat Sink Huge Storage Unit High-capacity Matter Pod Modified TNC 0b10 Alert Chip EM Pulse Gun Small Laser Pulse Rifle Firepult Assault Rifle Improved Grenade Launcher Mining Laser Stasis Trap Stasis Trap Stasis Trap [Rating: 15] Favorites ----------- Power Ion Engine Engine Ion Engine Propulsion Wheel Wheel Wheel Utility Seismic Detector Device Seismic Detector Storage High-capacity Storage Unit Weapon Light Assault Rifle Energy Gun Small Laser Ballistic Gun Light Assault Rifle Launcher Rocket Launcher Special Weapon Mining Laser Build | -11 -10 -10 -10 -9 ------- Run | Yrd Mat Min Exi Min Slots Evolved . | . . . . . Power . | . . . . . Propulsion . | . . . . . Utility . | . . . . . Weapon . | . . . . . Parts Attached 21 | 9 7 4 1 . Power 2 | 1 1 . . . Engine 2 | 1 1 . . . Core . | . . . . . Reactor . | . . . . . Propulsion 7 | 3 3 1 . . Treads . | . . . . . Leg . | . . . . . Wheel 7 | 3 3 1 . . Hover . | . . . . . Flight . | . . . . . Utility 4 | 2 1 1 . . Device 2 | 1 . 1 . . Storage 2 | 1 1 . . . Processor . | . . . . . Hackware . | . . . . . Protection . | . . . . . Artifact . | . . . . . Weapon 8 | 3 2 2 1 . Energy Gun 2 | 2 . . . . Energy Cannon . | . . . . . Ballistic Gun 4 | 1 1 1 1 . Ballistic Cannon . | . . . . . Launcher 1 | . . 1 . . Special Weapon 1 | . 1 . . . Impact Weapon . | . . . . . Slashing Weapon . | . . . . . Piercing Weapon . | . . . . . Special Melee Weapon . | . . . . . Unidentified Prototypes . | . . . . . Parts Lost 4 | . 2 2 . . Power 1 | . 1 . . . Propulsion 2 | . 1 1 . . Utility . | . . . . . Weapon 1 | . . 1 . . Highest Loss Streak 2 | . 2 2 . . To Critical Strikes . | . . . . . Average Backups 12 | 4 8 15 16 16 Power . | . . . . . Propulsion 5 | 3 4 6 6 4 Utility 1 | . . 1 2 5 Weapon 5 | . 2 6 7 7 Tool/Special . | . . . . . Unused Backups 15 | . . . 2 13 Power . | . . . . . Propulsion 5 | . . . 2 3 Utility 5 | . . . . 5 Weapon 5 | . . . . 5 Tool/Special . | . . . . . Average Slot Usage (%) 98 | . 99 96 100 100 Engine 13 | . 13 14 14 14 Wheel 26 | . 27 25 28 28 Device 14 | . 14 14 14 14 Storage 14 | . 14 14 14 14 Energy Gun 5 | . 14 . . . Ballistic Gun 20 | . 9 27 28 23 Special Weapon 1 | . 4 . . . Peak Build Rating 15 | 7 8 10 14 15 Average Rating 8 | 6 7 8 11 14 On Entrance 7 | . 7 8 10 14 Avg Prop Armor Cover (%) . | . . . . . Naked Turns . | . . . . . Heaviest Build 51 | 11 48 51 51 51 Greatest Support 26 | 26 20 20 26 26 Greatest Overweight (x) 4 | . 2 4 2 1 Average Overweight (x) 1 | . 1 2 1 1 Largest Inventory Capacity 20 | 8 20 20 20 20 Average Capacity 18 | 7 18 20 20 20 Most Carried 20 | 8 10 20 20 20 Average Carried 13 | 4 8 15 19 20 Final Capacity 20 | 8 20 20 20 20 Final Carried 20 | 8 10 20 20 20 Class Distribution -------------------- 97% | Mutant Dominant Class ---------------- Mutant | -10/Materials Mutant | -10/Mines Mutant | -10/Exiles Mutant | -9/Mines Resources | -11 -10 -10 -10 -9 ----------- Run | Yrd Mat Min Exi Min Matter Collected 562 | 314 132 96 20 . Remotely . | . . . . . Salvage Created 683 | 172 254 189 . 68 Parts 38 | 13 13 12 . . Haulers Intercepted . | . . . . . Recyclers Shooed 1 | . . 1 . . Parts Field Recycled . | . . . . . Retrieved Matter . | . . . . . Parts Self-Destructed . | . . . . . Prevented . | . . . . . Parts Restored . | . . . . . Kills | -11 -10 -10 -10 -9 ------- Run | Yrd Mat Min Exi Min Combat Hostiles Destroyed 17 | . 5 2 . 10 Guns 8 | . 5 2 . 1 AOE 9 | . . . . 9 Classes Destroyed 5 | 2 2 . . 1 Tunneler 6 | 5 . 1 . . Recycler 2 | 1 . 1 . . Watcher 1 | . 1 . . . Grunt 7 | . 5 2 . . Assembled 10 | . . . . 10 Best Kill Streak 10 | 2 2 2 . 10 Combat Bots Only 10 | . 2 2 . 10 Max Kills in Single Turn 5 | 1 1 1 . 5 Gunslinging . | . . . . . Exploded 5 | . . . . 5 Melee . | . . . . . Uniques/NPCs Destroyed . | . . . . . Combat | -11 -10 -10 -10 -9 -------- Run | Yrd Mat Min Exi Min Hostile Shots Fired 74 | . 34 17 . 23 Missed 18 | . 8 3 . 7 Hits 56 | . 26 14 . 16 Melee 1 | . . . . 1 Projectile 55 | . 26 14 . 15 Critical Strikes 3 | . . 2 . 1 Damage Taken 818 | . 376 211 . 231 Core 256 | . 85 41 . 130 Absorbed by Shields . | . . . . . Core Remaining (%) 100 | 100 . . . . Volleys Fired 95 | 24 48 17 . 6 Largest 2 | 2 2 2 . 2 Hottest 100 | 60 100 60 . 45 Shots Fired 169 | 48 80 31 . 10 Gun 150 | 48 64 30 . 8 Cannon . | . . . . . Launcher 3 | . . 1 . 2 Special 16 | . 16 . . . Kinetic 83 | 24 22 29 . 8 Thermal 73 | 24 48 1 . . Explosive 3 | . . 1 . 2 Electromagnetic 10 | . 10 . . . Robot Hit Streak 13 | 13 12 7 . 2 Robot Miss Streak 5 | 4 3 2 . 5 Penetration Max . | . . . . . Secondary Targets 1 | . 1 . . . Max Gunslinging Chain 1 | . 1 . . . Shots Hit Robots 100 | 29 45 22 . 4 Core Hits 58 | 10 16 10 . 22 Critical Kills . | . . . . . Critical Parts Destroyed . | . . . . . Critical Strikes . | . . . . . Melee Attacks . | . . . . . Impact . | . . . . . Slashing . | . . . . . Piercing . | . . . . . Sneak Attacks . | . . . . . Combat Hostiles . | . . . . . Follow-up Attacks . | . . . . . Damage Inflicted 1663 | 274 472 238 . 679 Guns 956 | 274 472 180 . 30 Cannons . | . . . . . Explosions 707 | . . 58 . 649 Melee . | . . . . . Ramming . | . . . . . Kinetic 442 | 117 115 180 . 30 Thermal 408 | 157 251 . . . Explosive 707 | . . 58 . 649 Electromagnetic 106 | . 106 . . . Impact . | . . . . . Slashing . | . . . . . Piercing . | . . . . . Highest Corruption . | . . . . . Average Corruption . | . . . . . Corruption Purged . | . . . . . Corruption Blocked . | . . . . . Overload Shots . | . . . . . Overflow Damage 28 | . . . . 28 Projectiles . | . . . . . Explosions 28 | . . . . 28 Melee . | . . . . . Knockbacks . | . . . . . Impact . | . . . . . Kinetic . | . . . . . Secondary . | . . . . . Self-Inflicted Damage . | . . . . . Shots . | . . . . . Rammed . | . . . . . Targets Rammed . | . . . . . Kicked . | . . . . . Crushed . | . . . . . Highest Temperature 273 | 40 273 57 . 24 Average Temperature 41 | 22 53 23 . 7 Received Heat Transfer 400 | . 204 156 . 40 Effects 1 | . 1 . . . Energy Bleed 1 | . 1 . . . Siege Activations . | . . . . . Martial Activations . | . . . . . Shielding Activations . | . . . . . Robots Disrupted . | . . . . . Combat Hostiles . | . . . . . Robots Corrupted . | . . . . . Combat Hostiles . | . . . . . Parts Fried . | . . . . . Impact Corruptions . | . . . . . Robots Melted . | . . . . . Combat Hostiles . | . . . . . Parts Melted . | . . . . . Heat Transferred 925 | 350 575 . . . Parts Sabotaged . | . . . . . Parts Stolen . | . . . . . Parts Stripped . | . . . . . Power Chain Reactions . | . . . . . Alert | -11 -10 -10 -10 -9 ------- Run | Yrd Mat Min Exi Min Maximum Alert Level . | . . . . . Low Security (%) 100 | 100 100 100 . 100 Level 1 . | . . . . . Level 2 . | . . . . . Level 3 . | . . . . . Level 4 . | . . . . . Level 5 . | . . . . . High Security . | . . . . . Max Security . | . . . . . Peak Influence 87 | 10 87 30 . 14 Initial . | . . . . . Average 10 | 1 23 1 . 3 Influence Increases 344 | 30 228 72 . 14 Destroy 0b10 Robot/C 140 | . 100 40 . . Destroy 0b10 Robot/NC 45 | 30 5 10 . . Destroy Leader 42 | . 32 10 . . Successful Hack 30 | . 30 . . . Select Force Hacks 30 | . 30 . . . Disable Machine 15 | . 15 . . . Destroy Structure 42 | . 16 12 . 14 Influence Decreases 330 | 30 228 72 . . Time Decay 300 | 30 208 62 . . Lost Part 30 | . 20 10 . . Squads Dispatched 2 | . 1 1 . . Investigation 2 | . 1 1 . . Extermination . | . . . . . Reinforcement . | . . . . . Assault . | . . . . . Garrison . | . . . . . Intercept . | . . . . . Searches Triggered . | . . . . . Construction Impeded . | . . . . . Haulers Reinforced . | . . . . . Active Scanning Responses . | . . . . . Cargo Convoy Interrupts . | . . . . . Stealth | -11 -10 -10 -10 -9 --------- Run | Yrd Mat Min Exi Min Distress Signals 2 | . 2 . . . Communications Jammed . | . . . . . Distress Signals . | . . . . . Times Spotted 35 | . 13 2 . 20 Peak Tracking Total 19 | . 3 2 . 19 Tactical Retreats 3 | . 3 . . . Traps | -11 -10 -10 -10 -9 ------- Run | Yrd Mat Min Exi Min Traps Triggered . | . . . . . Indirectly . | . . . . . Trap Hack Attempts . | . . . . . Triggered . | . . . . . Disarmed . | . . . . . Reprogrammed . | . . . . . Reused . | . . . . . Traps Extracted . | . . . . . Installed . | . . . . . Triggered . | . . . . . Most Traps Carried 3 | . . 3 3 3 Machines | -11 -10 -10 -10 -9 ---------- Run | Yrd Mat Min Exi Min Machines Disabled 1 | . 1 . . . Max in Single Turn 1 | . 1 . . . Machines Repaired . | . . . . . Machines Dismantled . | . . . . . Machines Sabotaged . | . . . . . Overloaded Fab Kills . | . . . . . Hacking | -11 -10 -10 -10 -9 --------- Run | Yrd Mat Min Exi Min Machines Accessed 10 | . 8 1 1 . Terminals 7 | . 7 . . . Fabricators . | . . . . . Repair Stations . | . . . . . Recycling Units 1 | . 1 . . . Scanalyzers . | . . . . . Garrison Access . | . . . . . Total Hacks 26 | . 24 1 1 . Successful 13 | . 11 1 1 . Failed 12 | . 12 . . . Catastrophic . | . . . . . Database Lockouts 1 | . 1 . . . Manual 22 | . 21 . 1 . Terminals 22 | . 22 . . . Fabricators . | . . . . . Repair Stations . | . . . . . Recycling Units 2 | . 2 . . . Scanalyzers . | . . . . . Garrison Access . | . . . . . Terminal Hacks 5 | . 3 1 1 . Robot Analysis 1 | . 1 . . . Open Door 1 | . . 1 . . Terminal Index 1 | . 1 . . . Locate Traps 1 | . 1 . . . Proto ID Catalog 1 | . . . 1 . Fabricator Hacks . | . . . . . Repair Station Hacks . | . . . . . Recycling Unit Hacks . | . . . . . Scanalyzer . | . . . . . Garrison Access Hacks . | . . . . . Unauthorized Hacks 8 | . 8 . . . Terminals 7 | . 7 . . . Assimilate 1 | . 1 . . . Operators 1 | . 1 . . . Skim 5 | . 5 . . . Fabricators . | . . . . . Repair Stations . | . . . . . Recycling Units 1 | . 1 . . . Tunnel 1 | . 1 . . . Scanalyzers . | . . . . . Garrison Access . | . . . . . Data Cores Recovered . | . . . . . Used . | . . . . . Hacking Detections 6 | . 6 . . . Full Trace Events . | . . . . . Feedback Events . | . . . . . Feedback Blocked . | . . . . . Robot Schematics Acquired . | . . . . . Robots Built . | . . . . . Authchips . | . . . . . Time . | . . . . . Total Robot Build Rating . | . . . . . Part Schematics Acquired . | . . . . . Parts Built . | . . . . . Authchips . | . . . . . Time . | . . . . . Total Part Build Rating . | . . . . . Part Studies Acquired . | . . . . . Parts Repaired . | . . . . . Time . | . . . . . Parts Recycled . | . . . . . Recycled Matter . | . . . . . Retrieved Matter . | . . . . . Retrieved Components . | . . . . . Parts Scanalyzed . | . . . . . Part Schematics Acquired . | . . . . . Parts Damaged . | . . . . . Bothacking | -11 -10 -10 -10 -9 ------------ Run | Yrd Mat Min Exi Min Used RIF Installer . | . . . . . Robots Hacked . | . . . . . Non-combat . | . . . . . Combat . | . . . . . Robot Hacks Applied . | . . . . . Relay Couplers Released . | . . . . . Fabnet Peak Effective % . | . . . . . Robots Rewired . | . . . . . Allies Hacked . | . . . . . Hacks Repelled . | . . . . . Allies | -11 -10 -10 -10 -9 -------- Run | Yrd Mat Min Exi Min Total Allies 1 | . 1 . . . Largest Group 1 | . 1 1 1 1 Highest-Rated Group 10 | . 10 10 10 10 Highest-Rated Ally 10 | . 10 10 10 10 Total Orders 6 | . 4 2 . . STAY 3 | . 2 1 . . FOLLOW 3 | . 2 1 . . Ally Attacks . | . . . . . Total Damage . | . . . . . Kills . | . . . . . Allies Corrupted 1 | . . . . 1 Allies Melted . | . . . . . Intel | -11 -10 -10 -10 -9 ------- Run | Yrd Mat Min Exi Min Active Infowar (turns) 2736 | 114 953 1031 619 19 Seismic 2736 | 114 953 1031 619 19 Robot Analysis Total 1 | . 1 . . . Derelict Logs Recovered 1 | . . 1 . . Drone Launches . | . . . . . Drone Recoveries . | . . . . . Exploration | -11 -10 -10 -10 -9 ------------- Run | Yrd Mat Min Exi Min Turns Passed 2811 | 189 953 1031 619 19 Spaces Moved 2049 | 103 559 830 556 1 Core 2 | 2 . . . . Treads . | . . . . . Legs . | . . . . . Wheels 2047 | 101 559 830 556 1 Hover . | . . . . . Flight . | . . . . . Fastest Speed 50 | 50 80 110 105 105 Average Speed 108 | 85 102 114 109 105 Slowest Speed 140 | 100 110 140 110 105 Overloaded Moves . | . . . . . Propulsion Burnouts . | . . . . . Robots Hopped . | . . . . . Potential Cave-ins . | . . . . . Cave-ins Triggered . | . . . . . Exploration Rate (%) 52 | 6 64 99 89 6 Regions Visited 4 Branch Regions 3 Pre-discovered Areas 2 | . 2 . . . Known Exits Taken 2 | . 1 1 . . Unknown Exits Taken 2 | 1 . . 1 . Scrap Searched 1 | . . 1 . . Spaces Dug 12 | . 12 . . . Terrain Destroyed 42 | . 16 12 . 14 Melee . | . . . . . Projectile 16 | . 16 . . . AOE 26 | . . 12 . 14 Terrain Rammed . | . . . . . Walls Destroyed . | . . . . . Machines Disabled . | . . . . . Actions | -11 -10 -10 -10 -9 --------- Run | Yrd Mat Min Exi Min Total 2438 | 156 825 882 566 9 Wait 232 | 14 204 14 . . Move 2045 | 102 558 829 555 1 Hop . | . . . . . Pick Up 26 | 7 2 13 4 . Fast Attach 8 | 7 . . . 1 Attach 4 | . 2 2 . . Detach . | . . . . . Swap 19 | 2 10 4 2 1 Drop 9 | . 1 3 5 . Fire 95 | 24 48 17 . 6 Melee . | . . . . . Ram . | . . . . . Kick . | . . . . . Crush . | . . . . . Escape Stasis . | . . . . . Rewire . | . . . . . Trap . | . . . . . Miscellaneous . | . . . . . Route ------- -11/Scrapyard -10/Materials (discovered 4 exits: Mat x3 / *Min) -10/Mines (discovered 4 exits: *Mat x2 / *Exi / *Sub) -10/Exiles -9/Mines History --------- Turn | Location | Event 22 | -11/Scrapyard | Discovered new exit (range 15) 190 | -11/Scrapyard | Entered Materials 318 | -10/Materials | Build established: Mutant 508 | -10/Materials | Learned location of 2 exits from Mines 539 | -10/Materials | Learned location of Mines (-9) 560 | -10/Materials | Identified exit to Materials 560 | -10/Materials | Identified exit to Mines 572 | -10/Materials | Learned 2 Materials zone layouts 573 | -10/Materials | Loaded intel: 6 trap records 574 | -10/Materials | Learned location of 2 exits from Mines 584 | -10/Materials | Learned Storage non-interactive machine intel 603 | -10/Materials | Learned Storage emergency access door positions 790 | -10/Materials | Derelicts attacked the area 1117 | -10/Materials | Central database locked down 1143 | -10/Materials | Entered Mines 1143 | -10/Mines | Accompanied by 1 ally 1144 | -10/Mines | Identified exit to Exiles 1144 | -10/Mines | Identified exit to Subcaves 1160 | -10/Mines | Core integrity fell below 50% 1391 | -10/Mines | Deemed a non-threat by the Exiles lab entrance 1429 | -10/Mines | Learned Materials emergency access door positions 1586 | -10/Mines | Met a Derelict shopkeep closing up shop 1630 | -10/Mines | Received a Rocket Launcher from a helpful Derelict 2005 | -10/Mines | Found a hidden stash of uninstalled traps 2174 | -10/Mines | Entered Exiles 2174 | -10/Exiles | Accompanied by 1 ally 2202 | -10/Exiles | Met 8R-AWN 2220 | -10/Exiles | Met EX-HEX 2273 | -10/Exiles | Met EX-DEC 2290 | -10/Exiles | Visited The Gauntlet 2467 | -10/Exiles | Discovered new exit (range 10) 2537 | -10/Exiles | Met EX-BIN 2553 | -10/Exiles | Aligned with FarCom system 2554 | -10/Exiles | Given EX-Vault access code 2579 | -10/Exiles | Opened EX-Vault 2588 | -10/Exiles | Found Firepult 2593 | -10/Exiles | Found 0b10 Alert Chip 2597 | -10/Exiles | Found Modified TNC 2620 | -10/Exiles | Warned to stay clear of 0b10 Research branches 2793 | -10/Exiles | Stole three prototypes: Modified TNC, 0b10 Alert Chip, Firepult 2793 | -10/Exiles | Entered Mines 2793 | -9/Mines | Accompanied by 1 ally 2794 | -9/Mines | Assembled infested the area 2812 | -9/Mines | Core integrity fell below 20% 2812 | -9/Mines | Destroyed by as-10846 with Assembled Rifle Last Messages --------------- dispatching Demolisher response squad. 02795_ Technician 1a system corrupted by crushing effect. 02795_ Technician 1a knocked back. 02796_ Technician 1a system terminally corrupted. 02797_ as-82185 destroyed. 02807_ Destroyed Asb. F-torch. 02807_ as-64388 destroyed. 02807_ as-60329 destroyed. 02807_ as-57554 destroyed. 02807_ as-72814 destroyed. 02809_ as-79477 destroyed. 02809_ as-06531 destroyed. 02809_ as-42880 destroyed. 02809_ as-14172 destroyed. 02809_ as-93278 destroyed. 02811_ Rocket Launcher severed. 02811_ Acquired Rocket Launcher. 02811_ as-33919 destroyed. Map ----- +----------------------------------------------------+ | | | | | | | | | | | | | | | | | | | | | | | | | | | | | ?????????????????????????????????????????????????? | | ?????????????????????????????????????????????????? | | ?????????????????????????????????????????????????? | | ?????????????????????????????????????????????????? | | ?????????????####?##?????????????????????????????? | | ????????????## # ????????????????????????????? | | ???????????? a % ???####????????????????????? | | ??????????? % #### #????????????????????? | | ??????????? aa< # #????????????????????? | | ?????????? a %% ##???????????????????? | | ?????????? %a % #???????????????????? | | ?????????? a a!% @ #???????????????????? | | ??????????? # a!% a ##???????????????????? | | ?????????????????# % ! ##????????????????????? | | ?????????????????# ! ###?????????????????????? | | ?????????????????## ????????????????????????? | | ??????????????????#######????????????????????????? | | ?????????????????????????????????????????????????? | | ?????????????????????????????????????????????????? | | ?????????????????????????????????????????????????? | | ?????????????????????????????????????????????????? | | ?????????????????????????????????????????????????? | | ?????????????????????????????????????????????????? | | ?????????????????????????????????????????????????? | | ?????????????????????????????????????????????????? | | ?????????????????????????????????????????????????? | | ?????????????????????????????????????????????????? | | ?????????????????????????????????????????????????? | | ?????????????????????????????????????????????????? | | ?????????????????????????????????????????????????? | | ?????????????????????????????????????????????????? | | ?????????????????????????????????????????????????? | | ?????????????????????????????????????????????????? | | ?????????????????????????????????????????????????? | | ?????????????????????????????????????????????????? | | ?????????????????????????????????????????????????? | +----------------------------------------------------+ Best States ------------- Heat Dissipation 25 Energy Generation 10 Energy Capacity 250 Matter Stores 300 Matter Capacity 300 Sight Range 16 Terrain Scan Density 10 Evasion (%) 44 Item Schematics ----------------- None Robot Schematics ------------------ None Fabricated ------------ Nothing Repaired ---------- Nothing Studied --------- None Alien Tech Used ----------------- None Achievements -------------- Sixth Sense Challenges ------------ None Game ------ Seed RegenerativeMyomerSpear Manual? 0 Play Time 00:27:16 Cumulative 714.0 hours Start 2026.07.12 @ 15:05:28 End 2026.07.12 @ 18:54:48 Sessions 3 Manual Loads 0 Difficulty Rogue Special Mode None Game No. 244 Rogue 240 Adventurer 4 Explorer 0 Win Type - Total 21 Types 9/2/6/0/0/0/2/2/0/0 Lore% 75 Gallery% 74 Achievement% 55 Wizard Run 0 Options --------- Layout 1 ASCII 0 Keyboard 0 Movement Arrows Keybinds 0 Fullscreen 1 Font 40/SmallcapsGlow Map View 50x40 Zoom Use 0% Tactical HUD 1 Map Filters NONE Filters NONE Steam 1 RUN: 23528376-dd80-4690-b836-1c2c78401a35